 Dungeon Crawl Stone Soup version 0.30-a0-862-g1aabd4f9c5 (webtiles) character file.

Game seed: 7259077981748458809

331 BigDaddyOpFi the Magician (level 6, -4/32 HPs)
             Began as a Deep Elf Earth Elementalist on Mar 9, 2023.
             Slain by an iguana (12 damage)
             ... on level 4 of the Dungeon.
             The game lasted 00:05:31 (3097 turns).

BigDaddyOpFi the Magician (DEEE)                    Turns: 3097, Time: 00:05:32

Health: -4/32      AC:  3    Str:  5    XL:     6   Next: 26%
Magic:  15/15      EV: 12    Int: 28    God:
Gold:   209        SH:  0    Dex: 15    Spells: 11/15 levels left

rFire   . . .      SeeInvis .    m - +4 short sword
rCold   . . .      Faith    .    (no shield)
rNeg    + . .      Spirit   .    a - +1 robe
rPois   .          Reflect  .    (no helmet)
rElec   .          Rampage  .    (no cloak)
rCorr   +                        (no gloves)
Will    .....                    (no boots)
Stlth   ++                       (no amulet)
HPRegen 0.25/turn                s - ring "Xefu" {Fly rN+ rCorr Int+6 Stlth+}
MPRegen 0.14/turn                (no ring)

@: confused, ambrosia-drunk, flying
A: no striking features
a: no special abilities


You were on level 4 of the Dungeon.
You visited 1 branch of the dungeon, and saw 4 of its levels.

You collected 209 gold pieces.

Inventory:

Hand Weapons
 m - a +4 short sword (weapon)
Armour
 a - a +1 robe (worn)
 c - the +2 plate armour "Vuizah" {*Corrode +Blink rN+ Int+5}
   (You found it on level 4 of the Dungeon)

   Int:       It affects your intelligence (+5).
   rN:        It protects you from negative energy.
   +Blink:    It lets you blink.
   *Corrode:  It may corrode you when you take damage.
 g - a +0 plate armour
Magical Staves
 o - a staff of poison
Jewellery
 s - the ring "Xefu" (left hand) {Fly rN+ rCorr Int+6 Stlth+}
   (You found it on level 3 of the Dungeon)

   [ring of intelligence]

   Int:       It affects your intelligence (+6).
   rN:        It protects you from negative energy.
   Fly:       It grants you flight.
   rCorr:     It protects you from acid and corrosion.
   Stlth:     It makes you more stealthy.
Scrolls
 h - a scroll of teleportation
 l - a scroll of identify
 r - a scroll of poison
Potions
 b - a potion of magic
 d - a potion of ambrosia
 f - a potion of might {unknown}
 i - 3 potions of curing {unknown}
 j - 2 potions of haste {unknown}
 n - a potion of berserk rage {unknown}
 p - a potion of resistance {unknown}
 q - 2 potions of brilliance {unknown}


   Skills:
 - Level 2.4 Dodging
 - Level 2.4 Stealth
 + Level 5.2 Spellcasting
 + Level 4.0 Conjurations
 * Level 2.5 Transmutations
 + Level 4.8 Earth Magic


You had 11 spell levels left.
You knew the following spells:

 Your Spells              Type           Power      Damage    Failure   Level
a - Sandblast             Erth           68%        2d15      1%          1
b - Stone Arrow           Conj/Erth      64%        3d11      3%          3

Your spell library contained the following spells:

 Spells                   Type           Power      Damage    Failure   Level
 Passwall                 Tmut/Erth      22%        N/A       2%          2
 Sting                    Tmut/Pois      56%        1d5       4%          1
 Cigotuvi's Dreadful Rot  Necr/Pois/Air  14%        N/A       10%         2
 Poisonous Vapours        Pois/Air       14%        N/A       10%         2
 Petrify                  Tmut/Erth      27%        N/A       14%         4
 Portal Projectile        Hex/Tloc       14%        N/A       21%         3
 Tukima's Dance           Hex            7%         N/A       21%         3
 Dispel Undead            Necr           7%         3d8       54%         4
 Olgreb's Toxic Radiance  Pois           7%         N/A       54%         4
 Blade Hands              Tmut           10%        N/A       54%         5
 Death Channel            Necr           3%         N/A       100%        6


Dungeon Overview and Level Annotations

Branches:
Dungeon (4/15)
 Temple: D:4-7

Altars:

Annotations:
D:4 1 runed translucent door, zenocrate's ghost, novice OpTm


Message History

You kill the orc!
The blast of sand hits the orc!
You kill the orc!
You can't see any susceptible monsters within range! (Use Z to cast anyway.)
Something barely misses you.
Things that are here:
a +0 club; a +0 ring mail You hit something.
Something hits you.
You closely miss something. Something hits you.
You closely miss something.
You hear some strange, mumbled words.
A puff of flame appears from out of thin air!
The puff of flame hits you!
You closely miss something. Something hits you.
You miss something. Something hits you but does no damage.
Casting: Sandblast (safe; 1% risk of failure)
Confirm with . or Enter, or press ? or * to list all spells.
You can't see any susceptible monsters within range! (Use Z to cast anyway.)
Casting: Sandblast (safe; 1% risk of failure)
Confirm with . or Enter, or press ? or * to list all spells.
Aiming: Sandblast (safe; 1% risk of failure)
Press: ? - help, Shift-Dir - straight line The blast of sand hits something!
Reactivating autopickup.
You feel a bit more experienced.
An iguana comes into view.
Your Conjurations skill increases to level 4!
Unknown command.
The iguana hisses angrily.
Items here: ( )) [ †.
You hit the iguana but do no damage. The iguana bites you!
* * * LOW HITPOINT WARNING * * *
Casting: Sandblast (safe; 1% risk of failure)
Confirm with . or Enter, or press ? or * to list all spells.
Okay, then.
Things that are here:
a +0 club; a +0 ring mail You are confused.
You feel invigorated. The iguana bites you!
You die...

###.. #.# .
....##.###.
.........
##.#.##.#
##....##.#
##.###.##.#
##.## ##.#.#
#########.##
##..#
#.)l@.....#
#..##
#.#######.#
###...# #
##.# #......
#.# #.###.#
..... #.#
#.#.###.#
..§#......
≈≈.....#.#
≈.......#


You could see an iguana.

Vanquished Creatures
  A hound (D:4)
  2 orc priests (D:4)
  A jelly (D:4)
  An iguana (D:4)
  4 orc wizards (D:4)
  4 adders
  A worm (D:2)
  A dart slug (D:4)
  6 orcs (D:4)
  3 ball pythons
  5 bats
  6 endoplasms
  4 goblins
  4 hobgoblins
  2 quokkas
  12 frilled lizards
  10 kobolds
  4 rats
71 creatures vanquished.

Vanquished Creatures (others)
  An orc (D:4)
  6 plants (D:3)
7 creatures vanquished.

Grand Total: 78 creatures vanquished

Notes
Turn   | Place    | Note
-------+----------+-------------------------------------------
     0 | D:1      | BigDaddyOpFi the Deep Elf Earth Elementalist began the
                  | quest for the Orb.
     0 | D:1      | Reached XP level 1. HP: 10/10 MP: 6/6
   254 | D:1      | Found a faded altar of an unknown god.
   321 | D:1      | Reached XP level 2. HP: 15/15 MP: 6/8
  1126 | D:2      | Reached XP level 3. HP: 19/19 MP: 8/10
  1130 | D:2      | Learned a level 3 spell: Stone Arrow
  1499 | D:2      | You fall into a shaft and drop 2 floors!
  1831 | D:3      | Reached skill level 1 in Conjurations
  1889 | D:3      | Identified the ring "Xefu" {Fly rN+ rCorr Int+6 Stlth+}
  2222 | D:3      | Reached skill level 4 in Spellcasting
  2372 | D:3      | Reached XP level 4. HP: 18/24 MP: 6/12
  2615 | D:4      | Identified the +2 plate armour "Vuizah" {*Corrode +Blink
                  | rN+ Int+5}
  2647 | D:4      | Reached XP level 5. HP: 28/28 MP: 9/13
  2755 | D:4      | Noticed a black bear
  2896 | D:4      | Reached skill level 5 in Spellcasting
  2969 | D:4      | Reached XP level 6. HP: 32/32 MP: 13/15
  3002 | D:4      | Found a runed translucent door.
  3009 | D:4      | Noticed zenocrate's ghost (novice OpTm)
  3097 | D:4      | Slain by an iguana

Illustrated notes

Levels and vault maps discovered:
D:1:      tarquinn_simple_flora_water_c, layout_basic,
          ebering_ecumenical_altar_rust
D:2:      minmay_kobold_bridge, layout_basic, chequers_serial_rivers_micro_d
D:3:      layout_rooms, minmay_lizard_king
D:4:      layout_loops_ring, general_overflow_altar, ebering_ghost_sewer_d

Skill      XL: |  1  2  3  4  5  6 |
---------------+-------------------+-----
Transmutations | 2 |  2.5
Conjurations   | 1 3 4 |  4.0
Spellcasting   | 4 5 |  5.2
Earth Magic    | 4 |  4.8
Dodging        | |  2.4
Stealth        | |  2.4

Action                     |  1- 3 |  4- 6 || total
---------------------------+-------+-------++-------
  Melee: Short sword       |     3 |    33 ||    36
   Cast: Sandblast         |    71 |    14 ||    85
         Stone Arrow       |       |    12 ||    12
    Use: Scroll            |     5 |     1 ||     6
         Potion            |       |     4 ||     4
   Stab: Sleeping          |     1 |       ||     1
 Armour: Robe              |    13 |     9 ||    22
         Plate armour      |       |    18 ||    18
  Dodge: Dodged            |    15 |    25 ||    40

Table legend: (Time is in decaauts)
 A = Elapsed time spent in this place.
 B = Non-inter-level travel time spent in this place.
 C = Inter-level travel time spent in this place.
 D = Time resting spent in this place.
 E = Time spent auto-exploring this place.
 F = Levels seen in this place.
 G = Mean time per level.
                   A        B        C        D        E       F      G
               +--------+--------+--------+--------+--------+-----+--------+
         Total |   3136 |   3057 |     79 |    193 |   2251 |   4 |  784.0 |
       Dungeon |   3136 |   3057 |     79 |    193 |   2251 |   4 |  784.0 |
               +--------+--------+--------+--------+--------+-----+--------+

Top non-repeatable levels by time:
     D:2: 925 daAuts
     D:1: 807 daAuts
     D:3: 781 daAuts
     D:4: 622 daAuts
